 Dungeon Crawl Stone Soup version 0.27-a0-328-g7f782ed93a (webtiles) character file.

Game seed: 15536184918437238639

9195 HoaS the Cruncher (level 11, -4/67 HPs)
             Began as a Gargoyle Gladiator on Feb 11, 2021.
             Was a High Priest of Okawaru.
             Slain by a komodo dragon (19 damage)
             ... on level 1 of the Lair of Beasts.
             The game lasted 00:26:28 (10009 turns).

HoaS the Cruncher (Gargoyle Gladiator)             Turns: 10009, Time: 00:26:29

Health: -4/67      AC: 30    Str: 21    XL:     11   Next: 42%
Magic:  11/13      EV:  7    Int:  9    God:    Okawaru [*****.]
Gold:   582        SH:  0    Dex: 11    Spells: 10/10 levels left

rFire    + . .     SeeInvis +   w - +4 lajatang (venom)
rCold    + . .     Faith    .   (shield currently unavailable)
rNeg     + . .     Spirit   .   C - +0 gold dragon scales
rPois    ∞         Reflect  .   z - +0 hat
rElec    +         Harm     .   j - +0 cloak
rCorr    .         Rampage  .   g - +1 pair of gloves
Will     .....                  v - +0 pair of boots
Stlth    ..........             (no amulet)
HPRegen  0.21/turn              b - ring of see invisible
MPRegen  0.13/turn              (no ring)

@: heroism
A: negative energy resistance 1, electricity resistance, unbreathing,
petrification resistance, miasma immunity, AC +8
a: Renounce Religion, Heroism, Finesse


You were on level 1 of the Lair of Beasts.
You worshipped Okawaru.
Okawaru was extremely pleased with you.
You visited 3 branches of the dungeon, and saw 12 of its levels.

You collected 722 gold pieces.
You spent 140 gold pieces at shops.

Inventory:

Hand Weapons
 e - a +1 quarterstaff of freezing
 q - a +0 vorpal longbow
 w - a +4 lajatang of venom (weapon)
Missiles
 d - 2 throwing nets (quivered)
 u - 261 arrows
Armour
 c - a +1 helmet
 g - a +1 pair of gloves (worn)
 j - a +0 cloak (worn)
 v - a +0 pair of boots (worn)
 z - a +0 hat (worn)
 C - +0 gold dragon scales (worn)
Jewellery
 b - a ring of see invisible (left hand)
 D - a +6 ring of dexterity {unknown}
 E - a +6 ring of dexterity {unknown}
Wands
 o - a wand of acid (14)
 t - a wand of polymorph (25)
 x - a wand of iceblast (7)
 B - a wand of paralysis (9)
Scrolls
 k - a scroll of teleportation
 n - 2 scrolls of magic mapping
 p - 2 scrolls of holy word
 y - a scroll of fear
Potions
 a - 2 potions of ambrosia {unknown}
 f - 2 potions of might {unknown}
 h - 2 potions of degeneration {unknown}
 i - 3 potions of curing
 l - 3 potions of flight {unknown}
 m - 3 potions of attraction {unknown}
 r - a potion of brilliance {unknown}
 s - a potion of berserk rage {unknown}
 A - a potion of lignification {unknown}


   Skills:
 * Level 7.5(12.5) Fighting
 - Level 14.0(19.0) Staves
 - Level 2.0(7.0) Bows
 - Level 1.7(6.7) Throwing
 + Level 4.9(9.9) Armour
 + Level 4.6(9.6) Dodging
 + Level 3.7 Invocations


You had 10 spell levels left.
You didn't know any spells.
Your spell library contained the following spells:

 Spells                   Type           Power        Failure   Level
 Shock                    Conj/Air       0%           100%        1
 Poisonous Vapours        Pois/Air       0%           100%        2
 Swiftness                Air            0%           100%        2
 Confusing Touch          Hex            0%           100%        3
 Conjure Flame            Conj/Fire      0%           100%        3
 Gell's Gravitas          Tloc           0%           100%        3
 Mephitic Cloud           Conj/Pois/Air  0%           100%        3
 Static Discharge         Conj/Air       0%           100%        3
 Airstrike                Air            0%           100%        4
 Petrify                  Tmut/Erth      0%           100%        4
 Lightning Bolt           Conj/Air       0%           100%        5
 Metabolic Englaciation   Hex/Ice        0%           100%        5
 Yara's Violent Unravell  Hex/Tmut       0%           100%        5
 Freezing Cloud           Conj/Ice/Air   0%           100%        6


Dungeon Overview and Level Annotations

Branches:
Dungeon (10/15)            Temple (1/1) D:6            Lair (1/6) D:10
    Orc: D:9-12

Altars:
Ashenzari
Cheibriados
Dithmenos
Elyvilon
Fedhas
Gozag
Hepliaklqana
Kikubaaqudgha
Makhleb
Nemelex Xobeh
Okawaru
Qazlal
Ru
Sif Muna
Trog
Uskayaw
Vehumet
Xom
Yredelemnul
Zin
The Shining One

Shops:
D:5 !   D:8 *(   D:10 *

Annotations:
D:6 Prince Ribbit
D:8 1 runed translucent door, DavidChitty2's ghost, novice DrFE


Innate Abilities, Weirdness & Mutations

You are resistant to torment.
Your stone body is resilient. (AC +8)
You are immune to poison.
You resist negative energy. (rN+)
You are resistant to electric shocks. (rElec)
You can survive without breathing.
You are immune to petrification.
You are immune to miasma.


Message History

Your +4 lajatang of venom begins to drip with poison!
w - a +4 lajatang of venom (weapon)
The komodo dragon closely misses you.
Your gold dragon scales prevents you from hitting the komodo dragon.
You slice the komodo dragon!!
The komodo dragon is poisoned.
The komodo dragon is severely wounded.
The komodo dragon bites you!
You slash the komodo dragon!
The komodo dragon looks as sick as possible!
The komodo dragon is almost dead.
The komodo dragon bites you but does no damage.
You slice the komodo dragon!!
You kill the komodo dragon!
Okawaru is honoured by your kill.
d - 2 throwing nets (gained 1)
Items here: ††††.
You see here a hat {god gift}.
z - a hat {god gift} You feel like a meek peon again.
You start removing your armour.
You continue taking off your +1 helmet. x4
You finish taking off your +1 helmet.
You start putting on your armour.
You continue putting on your hat {god gift}. x2
Keep equipping yourself?
You continue putting on your hat {god gift}.
The komodo dragon hisses angrily.
You continue putting on your hat {god gift}. x2
The komodo dragon bites you!!
* * * LOW HITPOINT WARNING * * *
You finish putting on your +0 hat.
You feel better. The komodo dragon barely misses you.
You gain the combat prowess of a mighty hero.
The komodo dragon barely misses you.
You slice the komodo dragon!!
The komodo dragon looks as sick as possible!
The komodo dragon is heavily wounded.
You completely miss the komodo dragon.
The komodo dragon is severely wounded.
The komodo dragon bites you!!
You die...

#........^.............
#.....................
#.....P...##..........
#...###...#P.......†..
#..<# #..###....###.D#
#...# #...##.....#....
#...P #..........##...
#...P##............###
#....@l...............
###.#########.#.######
### #####


You could see a komodo dragon (extremely poisoned).

Vanquished Creatures
  A hydra (Lair:1)
  A centaur warrior (D:9)
  A gargoyle (D:9)
  Psyche (D:10)
  4 komodo dragons (Lair:1)
  A kobold demonologist (D:10)
  2 trolls (D:10)
  A hornet (D:10)
  A water moccasin (D:10)
  A sky beast (D:4)
  3 black bears
  2 orc warriors
  3 ice beasts
  5 ogres
  5 centaurs
  A phantom (D:8)
  4 kobold brigands
  4 bullfrogs
  6 scorpions
  6 killer bees (D:7)
  An electric eel (D:9)
  8 wights
  7 howler monkeys
  A centaur zombie (D:9)
  2 orc priests (D:10)
  Crazy Yiuf (D:7)
  9 hounds
  A quasit (D:5)
  A centaur skeleton (D:10)
  2 gnoll shamans (D:6)
  A jelly (D:8)
  2 bullfrog skeletons
  3 iguanas
  5 orc wizards
  8 worker ants
  A killer bee zombie (D:8)
  A hound skeleton (D:9)
  2 howler monkey zombies (D:5)
  50 gnolls
  12 adders
  5 white imps
  2 ufetubi
  3 oozes
  2 adder skeletons (D:7)
  2 worms
  7 leopard geckos
  27 orcs
  4 giant cockroaches
  7 goblins
  14 hobgoblins
  35 jackals
  29 kobolds
  6 quokkas
  12 bats
  5 frilled lizards
  A jackal zombie (D:7)
  5 rats
337 creatures vanquished.

Vanquished Creatures (others)
  3 kobolds (D:10)
  23 fungi (D:10)
  21 plants
47 creatures vanquished.

Grand Total: 384 creatures vanquished

Notes
Turn   | Place    | Note
-------+----------+-------------------------------------------
     0 | D:1      | HoaS the Gargoyle Gladiator began the quest for the Orb.
     0 | D:1      | Reached XP level 1. HP: 12/12 MP: 1/1
   129 | D:1      | Reached XP level 2. HP: 8/17 MP: 2/2
   431 | D:1      | Reached skill level 4 in Staves
   439 | D:1      | Reached XP level 3. HP: 18/21 MP: 3/3
  1144 | D:2      | Reached XP level 4. HP: 19/26 MP: 4/4
  1167 | D:2      | Reached skill level 5 in Staves
  1550 | D:2      | Found a glowing golden altar of the Shining One.
  1648 | D:2      | Found a faded altar of an unknown god.
  2018 | D:3      | Reached XP level 5. HP: 23/30 MP: 5/5
  2430 | D:4      | Found a radiant altar of Vehumet.
  2473 | D:4      | Reached skill level 6 in Staves
  2578 | D:4      | Reached XP level 6. HP: 30/35 MP: 6/6
  2720 | D:4      | Got a pitted cloak
  2731 | D:4      | Identified the +1 cloak of Exceptional the Good {Harm rF+
                  | Regen+} (You found it on level 4 of the Dungeon)
  2760 | D:4      | Found a white marble altar of Elyvilon.
  2780 | D:4      | Noticed a sky beast
  2790 | D:4      | Reached skill level 7 in Staves
  2803 | D:4      | Killed a sky beast
  2804 | D:4      | Reached XP level 7. HP: 32/40 MP: 7/7
  2897 | D:4      | Found an iron altar of Okawaru.
  2912 | D:4      | Became a worshipper of Warmaster Okawaru
  3019 | D:5      | Entered Level 5 of the Dungeon
  3117 | D:5      | Found a hide-covered altar of Uskayaw.
  3117 | D:5      | Noticed a +0 dagger
  3118 | D:5      | Noticed a +0 hand axe
  3292 | D:5      | Found Bocw's Distillery.
  3348 | D:5      | Reached skill level 8 in Staves
  3362 | D:5      | Reached skill level 1 in Invocations
  3778 | D:6      | Found a bloodstained altar of Trog.
  3832 | D:6      | Reached * piety under Okawaru
  3833 | D:6      | Reached skill level 9 in Staves
  3833 | D:6      | Reached XP level 8. HP: 40/44 MP: 9/9
  3941 | D:6      | Found a blossoming altar of Fedhas.
  3993 | D:6      | Found a shimmering blue altar of Sif Muna.
  3993 | D:6      | Found a white marble altar of Elyvilon.
  4396 | D:6      | Reached skill level 1 in Bows
  4700 | D:6      | Found a staircase to the Ecumenical Temple.
  4714 | Temple   | Entered the Ecumenical Temple
  4890 | D:6      | Reached skill level 10 in Staves
  5191 | D:6      | Reached ** piety under Okawaru
  5207 | D:7      | Noticed Prince Ribbit
  5371 | D:7      | Reached XP level 9. HP: 48/48 MP: 10/10
  5379 | D:7      | Reached skill level 11 in Staves
  5480 | D:7      | Found a runed translucent door.
  5481 | D:7      | Noticed Crazy Yiuf
  5980 | D:7      | Killed Crazy Yiuf
  6060 | D:8      | Reached skill level 12 in Staves
  6070 | D:8      | Found a glowing golden altar of the Shining One.
  6109 | D:8      | Found Ucsyohir's General Store.
  6138 | D:8      | Bought 17 arrows for 40 gold pieces
  6138 | D:8      | Bought 15 arrows for 36 gold pieces
  6193 | D:8      | Reached *** piety under Okawaru
  6629 | D:8      | Found Nautas's Antique Weapon Boutique.
  6726 | D:8      | Found a glowing silver altar of Zin.
  6851 | D:8      | Found a runed translucent door.
  6852 | D:8      | Noticed DavidChitty2's ghost (novice DrFE)
  6852 | D:8      | Noticed a troll
  6969 | D:8      | Found a broken altar of Ashenzari.
  6993 | D:8      | Reached skill level 13 in Staves
  7424 | D:9      | Noticed a gargoyle
  7446 | D:9      | Killed a gargoyle
  7447 | D:9      | Reached XP level 10. HP: 8/53 MP: 8/11
  7545 | D:9      | Noticed a centaur warrior
  7549 | D:9      | HP: 1/53 [centaur warrior/arrow (13)]
  8138 | D:9      | Identified a scroll of acquirement
  8138 | D:9      | Acquired a +1 lajatang of venom
  8241 | D:9      | Killed a centaur warrior
  8241 | D:9      | Reached **** piety under Okawaru
  8242 | D:9      | Reached skill level 14 in Staves
  8242 | D:9      | Reached skill level 1 in Armour
  8392 | D:10     | Entered Level 10 of the Dungeon
  8431 | D:10     | Found Xoasiuh's Assorted Antiques.
  8436 | D:10     | Bought a scroll of identify for 64 gold pieces
  8675 | D:10     | Received a gift from Okawaru
  8733 | D:10     | Noticed a kobold demonologist
  8743 | D:10     | Noticed a sixfirhy
  8747 | D:10     | Killed a kobold demonologist
  8841 | D:9      | Reached skill level 5 in Fighting
  9151 | D:10     | Noticed Psyche
  9163 | D:10     | Killed Psyche
  9163 | D:10     | Reached ***** piety under Okawaru
  9175 | D:10     | Reached XP level 11. HP: 44/64 MP: 9/12
  9357 | D:10     | Found a staircase to the Lair.
  9924 | Lair:1   | Entered Level 1 of the Lair of Beasts
  9955 | Lair:1   | Noticed a seven-headed hydra
  9974 | Lair:1   | Received a gift from Okawaru
  9986 | Lair:1   | Killed a seven-headed hydra
 10009 | Lair:1   | Slain by a komodo dragon

Illustrated notes

Levels and vault maps discovered:
D:1:      onia_arrival_mini_maze, layout_rooms
D:2:      layout_basic, chequers_ecumenical_altar_lobes,
          nicolae_tso_swordbearing_angel
D:3:      layout_basic, nzn_wu_jian_council_hall
D:4:      minmay_general_purpose_star, layout_rooms, kennysheep_mini_moat,
          fiery_altar_vehumet, elyvilon_altar_5
D:5:      cheibrodos_thug_alley, layout_gridville, dancing_weapons_uskayaw,
          serial_shops, shop_statue
D:6:      lemuel_castle_with_subvaults [lemuel_castle_interior_original],
          layout_rooms, overflow_temple_1_default, lemuel_doored_altar,
          gammafunk_temple_overflow_statue, temple_green
D:7:      layout_rooms, chequers_serial_rivers_small_3, uniq_crazy_yiuf_cottage,
          uniq_prince_ribbit1
D:8:      layout_loops_corners, general_overflow_altar,
          nicolae_overflow_hidden_temple, basic_altar, serial_shops, shop, shop,
          ebering_ghost_inner_flame
D:9:      nzn_winding_woodlands_small [nzn_winding_woodlands_5x15_default,
          nzn_winding_woodlands_center_triple_pond,
          nzn_winding_woodlands_5x15_river_crossing], layout_rooms,
          grunt_ministairs_11
D:10:     layout_stronghold, grunt_lair_entry_orc_guard_hut, serial_shops, shop,
          uniq_psyche
Temple:   nicolae_temple_x_marks_the_god
Lair:1:   layout_small_grid, beast_lair_carwin_8, grunt_megastairs_3,
          serial_bayou_shore_b, minmay_lair_oklob_chamber, serial_bayou_shore_a

Skill      XL: |  1  2  3  4  5  6  7  8  9 10 11 |
---------------+----------------------------------+-----
Staves         | 4 5 6 7 9 10 13 14 | 14.0
Invocations    | 2 3 |  3.7
Bows           | 2 |  2.0
Fighting       | 6 7 |  7.5
Armour         | 3 4 |  4.9
Dodging        | 3 4 |  4.6
Throwing       | |  1.7

Action                   |  1- 3 |  4- 6 |  7- 9 | 10-12 || total
-------------------------+-------+-------+-------+-------++-------
Melee: Quarterstaff      |   110 |   178 |   750 |    56 ||  1094
       Lajatang          |       |       |       |   230 ||   230
Throw: Throwing net      |       |       |     4 |     1 ||     5
       Dart              |       |       |     2 |       ||     2
Invok: Heroism           |       |       |     2 |     4 ||     6
Evoke: Wand              |       |       |     2 |       ||     2
  Use: Scroll            |     2 |     6 |    10 |     8 ||    26
       Potion            |       |       |       |     4 ||     4
 Stab: Held in net/web   |       |       |       |     2 ||     2
Armor: Leather armour    |    24 |       |       |       ||    24
       Chain mail        |    47 |   114 |   376 |       ||   537
       Plate armour      |       |       |   141 |   206 ||   347
       Gold dragon scale |       |       |       |     7 ||     7
Dodge: Dodged            |    91 |    75 |   255 |   113 ||   534

Table legend: (Time is in decaauts)
 A = Elapsed time spent in this place.
 B = Non-inter-level travel time spent in this place.
 C = Inter-level travel time spent in this place.
 D = Time resting spent in this place.
 E = Time spent auto-exploring this place.
 F = Levels seen in this place.
 G = Mean time per level.
                   A        B        C        D        E       F      G
               +--------+--------+--------+--------+--------+-----+--------+
         Total |   9791 |   9162 |    629 |   1483 |   5424 |  12 |  815.9 |
       Dungeon |   9638 |   9009 |    629 |   1483 |   5340 |  10 |  963.8 |
        Temple |     76 |     76 |      0 |      0 |     64 |   1 |   76.0 |
          Lair |     76 |     76 |      0 |      0 |     20 |   1 |   76.0 |
               +--------+--------+--------+--------+--------+-----+--------+

Top non-repeatable levels by time:
     D:6: 1414 daAuts
     D:9: 1352 daAuts
    D:10: 1250 daAuts
     D:8: 1143 daAuts
     D:2: 1025 daAuts
     D:1: 867 daAuts
     D:7: 781 daAuts
     D:5: 664 daAuts
     D:4: 614 daAuts
     D:3: 524 daAuts
  Temple: 76 daAuts
  Lair:1: 76 daAuts
